 Dungeon Crawl Stone Soup version 0.28-a0-631-g0446da8ef9 (webtiles) character file.

Game seed: 6097504296489020477

263 ldmvfn the Vexing (level 5, -3/24 HPs)
             Began as a Spriggan Enchanter on Oct 10, 2021.
             Killed from afar by an orc wizard (10 damage)
             ... with a magic dart
             ... on level 4 of the Dungeon.
             The game lasted 00:08:36 (5444 turns).

ldmvfn the Vexing (Spriggan Enchanter)              Turns: 5444, Time: 00:08:38

Health: -3/24      AC:  3    Str:  5    XL:     5   Next: 98%
Magic:  0/14       EV: 21    Int: 16    God:
Gold:   1453       SH:  0    Dex: 16    Spells: 7/15 levels left

rFire   + . .      SeeInvis +   a - +1 dagger (vorpal)
rCold   . . .      Faith    .   (shield restricted)
rNeg    . . .      Spirit   .   b - +1 robe
rPois   .          Reflect  .   (helmet restricted)
rElec   .          Harm     .   (no cloak)
rCorr   .          Rampage  .   (gloves unavailable)
Will    .....                   (boots unavailable)
Stlth   +++.......              (no amulet)
HPRegen 0.08/turn               d - +4 ring of evasion
MPRegen 0.14/turn               k - ring of protection from fire

@: very quick
A: very small, no large weapons, unfitting armour, see invisible, speed 3
a: no special abilities


You were on level 4 of the Dungeon.
You visited 1 branch of the dungeon, and saw 4 of its levels.

You collected 1453 gold pieces.

Inventory:

Hand Weapons
 a - a +1 vorpal dagger (weapon)
Missiles
 c - 5 poisoned darts (quivered)
Armour
 b - a +1 robe (worn)
Jewellery
 d - a +4 ring of evasion (left hand)
 g - a ring of fire
 k - a ring of protection from fire (right hand)
Wands
 h - a wand of paralysis (1)
Scrolls
 f - 3 scrolls of teleportation
 j - 4 scrolls of identify
Potions
 e - a potion of curing
 l - a potion of heal wounds


   Skills:
 - Level 1.1 Short Blades
 - Level 2.6 Dodging
 - Level 4.4 Stealth
 + Level 5.7 Spellcasting
 + Level 6.2 Hexes


You had 7 spell levels left.
You knew the following spells:

 Your Spells              Type           Power      Damage    Failure   Level
a - Ensorcelled Hibernat  Hex/Ice        28%        N/A       6%          2
b - Tukima's Dance        Hex            24%        N/A       3%          3
c - Dazzling Flash        Conj/Hex       28%        N/A       12%         3

Your spell library contained the following spells:

 Spells                   Type           Power      Damage    Failure   Level
 Confusing Touch          Hex            24%        N/A       3%          3
 Gell's Gravitas          Tloc           2%         N/A       38%         3
 Lesser Beckoning         Tloc           4%         N/A       38%         3
 Teleport Other           Tloc           4%         N/A       38%         3


Dungeon Overview and Level Annotations

Branches:
Dungeon (4/15)
 Temple: D:4-7

Altars:
Xom

Annotations:
D:4 3 runed translucent doors, Heedrag's ghost, amateur MiFi


Innate Abilities, Weirdness & Mutations

You are very small and have problems with some larger weapons.
You are too small for most types of armour.
You have supernaturally acute eyesight. (SInv)
You cover ground extremely quickly. (Speed+++)


Message History

You kill the orc priest!
You closely miss the orc wizard.
The orc wizard hits you but does no damage.
You closely miss the orc wizard.
The orc wizard points at you and mumbles some strange words.
You are confused.
Unknown command.
You bump into the rock wall.
The orc wizard misses you.
You miss the orc wizard. The orc wizard misses you.
You bump into the rock wall.
The orc wizard hits you with a +0 dagger.
You bump into the rock wall.
The orc wizard completely misses you.
You're too confused to move!
The orc wizard hits you with a +0 dagger.
You bump into the rock wall.
You feel less confused.
The orc wizard hits you but does no damage.
Casting: Ensorcelled Hibernation (safe; 6% risk of failure)
Confirm with . or Enter, or press ? or * to list all spells.
Aiming: Ensorcelled Hibernation (safe; 6% risk of failure)
Press: ? - help, Shift-Dir - straight line, f - orc wizard
Aim: an orc wizard, wielding a +0 dagger and wearing a +0 robe of willpower (chance to affect: 15%)
The orc wizard resists with almost no effort.
The orc wizard misses you.
Casting: Ensorcelled Hibernation (safe; 6% risk of failure)
Confirm with . or Enter, or press ? or * to list all spells.
Aiming: Ensorcelled Hibernation (safe; 6% risk of failure)
Press: ? - help, Shift-Dir - straight line, f/p - orc wizard
Aim: an orc wizard, wielding a +0 dagger and wearing a +0 robe of willpower (chance to affect: 15%)
The orc wizard resists with almost no effort.
The orc wizard hits you with a +0 dagger.
* * * LOW HITPOINT WARNING * * *
Unknown command.
Aiming: Paralyse
Press: ? - help, Shift-Dir - straight line, f/p - orc wizard
Aim: an orc wizard, wielding a +0 dagger and wearing a +0 robe of willpower (chance to affect: 15%)
The orc wizard resists with almost no effort.
The orc wizard casts a spell at you. The magic dart hits you!
You die...

#.######..).....(.......
#..........###+++###....
#####..##..#....o..#....
### #..#<..#.......#.... .
#..##..#...#.#...#W#....
#.##...oo#...#o.#.#.W#....
#.'..........#.#...#.#....
#....###..#...:)..#....
#....o@...#.......#..(#
########..#########...#
#..............#
#........[.....#
#########.#..#.# #......#
###.##'# #.#... #.#...


You could see an orc wizard and an orc.

Vanquished Creatures
  A howler monkey (D:3)
  An orc priest (D:4)
  Terence (D:3)
  An orc wizard (D:3)
  4 adders (D:2)
  An adder skeleton (D:3)
  3 worms
  A dart slug (D:3)
  8 orcs
  9 bats
  9 endoplasms
  3 giant cockroaches (D:1)
  6 goblins
  10 hobgoblins
  A jackal (D:3)
  3 quokkas
  12 ball pythons
  6 frilled lizards
  7 kobolds
  3 rats
90 creatures vanquished.

Vanquished Creatures (others)
  A dancing weapon (D:3)
1 creature vanquished.

Grand Total: 91 creatures vanquished

Notes
Turn   | Place    | Note
-------+----------+-------------------------------------------
     0 | D:1      | ldmvfn the Spriggan Enchanter began the quest for the Orb.
     0 | D:1      | Reached XP level 1. HP: 9/9 MP: 5/5
   154 | D:1      | Reached skill level 4 in Hexes
   169 | D:1      | Reached XP level 2. HP: 13/13 MP: 7/7
   172 | D:1      | Learned a level 2 spell: Ensorcelled Hibernation
  1018 | D:2      | Reached XP level 3. HP: 16/16 MP: 1/9
  1024 | D:2      | Learned a level 3 spell: Tukima's Dance
  1028 | D:2      | Learned a level 3 spell: Dazzling Flash
  1521 | D:2      | You fall into a shaft and drop 2 floors!
  1527 | D:4      | Found a runed translucent gate.
  1527 | D:4      | Found a runed translucent gate.
  1527 | D:4      | Found a runed translucent gate.
  1530 | D:4      | Noticed Heedrag's ghost (amateur MiFi)
  2132 | D:3      | Reached skill level 5 in Hexes
  2132 | D:3      | Reached XP level 4. HP: 2/21 MP: 3/11
  2149 | D:3      | Noticed Terence
  3402 | D:2      | Found a shimmering altar of Xom.
  3907 | D:3      | Killed Terence
  3908 | D:3      | Reached skill level 5 in Spellcasting
  3908 | D:3      | Reached XP level 5. HP: 15/24 MP: 11/13
  4073 | D:3      | Identified a scroll of acquirement
  4073 | D:3      | Acquired 1262 gold pieces
  4452 | D:3      | Reached skill level 6 in Hexes
  5444 | D:4      | Killed from afar by an orc wizard

Illustrated notes

Levels and vault maps discovered:
D:1:      mrwooster_arrival_arrow, layout_loops_ring, st_stairs_3,
          minmay_distorted
D:2:      layout_basic, basic_altar
D:3:      minmay_bubble_buster, layout_loops_ring, bh_walls_and_bars,
          uniq_terence
D:4:      layout_basic, minmay_temple_entry_glassed_door, gammafunk_ghost_split

Skill      XL: |  1  2  3  4  5 |
---------------+----------------+-----
Spellcasting   | 3 4 5 |  5.7
Hexes          | 4 5 6 |  6.2
Short Blades   | |  1.1
Dodging        | |  2.6
Stealth        | |  4.4

Action                   |  1- 3 |  4- 6 || total
-------------------------+-------+-------++-------
Melee: Dagger            |   159 |   196 ||   355
Throw: Dart              |       |     6 ||     6
 Cast: Ensorcelled Hiber |    20 |    25 ||    45
       Tukima's Dance    |     1 |     1 ||     2
Evoke: Wand              |       |     9 ||     9
  Use: Potion            |     1 |       ||     1
       Scroll            |       |     8 ||     8
 Stab: Sleeping          |    21 |    25 ||    46
       Paralysed         |       |     1 ||     1
Armor: Robe              |    21 |     9 ||    30
Dodge: Dodged            |   130 |   167 ||   297

Table legend: (Time is in decaauts)
 A = Elapsed time spent in this place.
 B = Non-inter-level travel time spent in this place.
 C = Inter-level travel time spent in this place.
 D = Time resting spent in this place.
 E = Time spent auto-exploring this place.
 F = Levels seen in this place.
 G = Mean time per level.
                   A        B        C        D        E       F      G
               +--------+--------+--------+--------+--------+-----+--------+
         Total |   4419 |   4377 |     42 |    818 |   2781 |   4 | 1104.8 |
       Dungeon |   4419 |   4377 |     42 |    818 |   2781 |   4 | 1104.8 |
               +--------+--------+--------+--------+--------+-----+--------+

Top non-repeatable levels by time:
     D:3: 2022 daAuts
     D:2: 1125 daAuts
     D:1: 678 daAuts
     D:4: 593 daAuts
